 Dungeon Crawl Stone Soup version 0.25-a0-699-g25a338df49 (webtiles) character file.

Game seed: 18108824761129002269, levelgen mode: deterministic

4380 cappocean the Fighter (level 10, -8/74 HPs)
             Began as an Octopode Chaos Knight on Apr 2, 2020.
             Was a Believer of Nemelex Xobeh.
             Mangled by a troll (18 damage)
             ... on level 9 of the Dungeon.
             The game lasted 00:14:07 (11489 turns).

cappocean the Fighter (Octopode Chaos Knight)      Turns: 11489, Time: 00:14:08

Health: -8/74      AC:  1    Str: 11    XL:     10   Next: 35%
Magic:  14/14      EV: 17    Int: 12    God:    Nemelex Xobeh [**....]
Gold:   36         SH:  5    Dex: 14    Spells: 9/9 levels left

rFire    . . .     SeeInvis .   D - +1 flail (venom)
rCold    . . .     Gourm    .   v - +0 buckler
rNeg     . . .     Faith    .   (helmet restricted)
rPois    .         Spirit   .   (no amulet)
rElec    .         Reflect  .   r - ring of resist corrosion
rCorr    +         Harm     .   B - ring of flight
MR       .....                  (no ring)
Stlth    ++........             (no ring)
HPRegen  0.00/turn              (no ring)
MPRegen  0.14/turn              (no ring)
                                (no ring)
                                (no ring)

@: no status effects
A: almost no armour, stealthy swim, amphibious, 8 rings, constrict 8, camouflage
1, dopey 1, screaming 1, inhibited regeneration, weak 1, gelatinous body 1,
evolution 1, MP-powered wands
a: Draw Escape, Draw Destruction, Draw Summoning, Renounce Religion, Evoke
Flight


You were on level 9 of the Dungeon.
You worshipped Nemelex Xobeh.
Nemelex Xobeh was pleased with you.
You were very hungry.

You visited 1 branch of the dungeon, and saw 9 of its levels.
You also visited: Sewer.

You collected 476 gold pieces.
You spent 440 gold pieces at shops.

Inventory:

Hand Weapons
 D - a +1 flail of venom (weapon)
Missiles
 f - 51 poisoned darts (quivered)
Armour
 v - a +0 buckler (worn)
 L - a +0 tower shield
Magical Staves
 I - an uncursed staff of wizardry
Jewellery
 r - a ring of resist corrosion (left tentacle)
 B - a ring of flight (right tentacle)
Wands
 j - a wand of paralysis (8)
 l - a wand of iceblast (10)
 m - a wand of digging (3)
 p - a wand of enslavement (7)
 q - a wand of disintegration (13)
 H - a wand of random effects (15)
Scrolls
 c - 3 scrolls of amnesia
 d - a scroll of fear
 e - a scroll of enchant armour
 g - 4 scrolls of blinking
 n - a scroll of enchant weapon {unknown}
 w - 4 scrolls of teleportation {@r3}
 y - 2 scrolls of remove curse {@r2}
 M - a scroll of brand weapon
Potions
 h - 2 potions of lignification
 i - a potion of magic
 k - 4 potions of heal wounds
 o - 4 potions of curing {@q1}
 s - a potion of haste
 z - 3 potions of ambrosia
 A - a potion of mutation
 E - a potion of degeneration {unknown}
 F - a potion of invisibility
 G - a potion of cancellation {unknown}
 J - a potion of berserk rage {unknown}
Comestibles
 b - 13 rations


   Skills:
 - Level 9.3 Fighting
 * Level 5.4 Maces & Flails
   Level 3.0 Polearms
 + Level 7.2 Dodging
 - Level 5.5 Shields
 + Level 6.0 Invocations


You had 9 spell levels left.
You didn't know any spells.
Your spell library was empty.

Dungeon Overview and Level Annotations

Branches:
Dungeon (9/15)             Temple (0/1) D:6           Sewer (visited)
   Lair: D:8-11         Orc: D:9-12

Altars:
Nemelex Xobeh
Qazlal
Wu Jian
Zin

Shops:
D:5 :   D:8 }


Innate Abilities, Weirdness & Mutations

You cannot wear most types of armour.
You are very stealthy in the water. (Stealth+)
You are amphibious.
You can wear up to eight rings at the same time.
You can use your tentacles to constrict eight enemies at once.
Your skin changes colour to match your surroundings (Stealth+).
Your rubbery body absorbs attacks. (AC +1, EV +1)
You are dopey. (Int -2)
You occasionally shout uncontrollably at your foes.
You do not regenerate when monsters are visible.
You are weak. (Str -2)
You evolve.
You expend magic power (3 MP) to strengthen your wands.


Message History

The troll claws you. The troll misses you.
You barely miss the troll. The troll bites you!
* * * LOW HITPOINT WARNING * * *
The troll claws you!
* * * LOW HITPOINT WARNING * * *
The troll misses you.
Xom's power touches on a nearby monster.
The troll is moving more slowly.
There is a stone staircase leading up here.
The helpless troll fails to defend itself.
You sock the troll!
The troll looks as sick as possible!
The helpless troll fails to defend itself.
You hit the troll.
The troll looks as sick as possible!
You squeeze the troll.
The helpless troll fails to defend itself.
You hit the troll.
The helpless troll fails to defend itself.
You hit the troll.
The troll looks as sick as possible!
The troll is no longer petrified.
The troll bites you!!
You die...
Your body glows slightly and disappears.

######## ....#..
.....# #...#
#...###########
#.............#
#...T##.......+
#.####@###.......#
....................
...#.######.#####...
# #.# #. #.. .## .


You could see a troll.

Vanquished Creatures
  Pikel (D:4)
  2 hippogriffs (D:7)
  Grum (D:8)
  Menkaure (D:5)
  Edmund (D:5)
  Duvessa (D:4)
  A black bear (D:7)
  Purgy (Sewer)
  2 ice beasts
  4 wolves (D:9)
  A centaur (D:5)
  5 ogres
  4 bullfrogs
  A water moccasin skeleton (D:7)
  5 killer bees (D:8)
  A howler monkey (D:5)
  3 jellies
  5 crimson imps
  2 hounds
  Crazy Yiuf (D:3)
  A bullfrog skeleton (D:7)
  Terence (D:2)
  2 iguanas
  Ijyb (D:5)
  3 orc wizards
  4 worker ants
  A killer bee zombie (D:8)
  A hound skeleton (D:8)
  A howler monkey zombie (D:8)
  Robin (D:4)
  3 gnolls (D:8)
  9 adders
  A river rat (D:5)
  2 shadow imps
  2 oozes
  3 adder skeletons
  An adder zombie (D:6)
  3 worms
  5 leopard geckos
  20 orcs
  4 giant cockroaches
  13 goblins
  11 hobgoblins
  19 jackals
  9 quokkas
  A ball python (D:2)
  7 bats
  2 frilled lizards (Sewer)
  A jackal skeleton (D:8)
  9 kobolds
  7 rats
191 creatures vanquished.

Vanquished Creatures (collateral kills)
  A two-headed ogre (D:8)
  A necrophage (D:8)
  A gnoll (D:8)
3 creatures vanquished.

Vanquished Creatures (others)
  A slave (D:4)
  Dowan (D:4)
  A ball lightning (D:7)
  A goblin (D:4)
  A hobgoblin (D:4)
5 creatures vanquished.

Grand Total: 199 creatures vanquished

Notes
Turn   | Place    | Note
-------+----------+-------------------------------------------
     0 | D:1      | cappocean the Octopode Chaos Knight began the quest for the
                  | Orb.
     0 | D:1      | Reached XP level 1. HP: 16/16 MP: 1/1
   147 | D:1      | XOM: harmless Tloc miscast
   300 | D:1      | XOM: silly message
   409 | D:1      | Reached XP level 2. HP: 21/21 MP: 2/2
   715 | D:1      | XOM: divination: magic mapping
   719 | D:2      | XOM: stealth player
   750 | D:2      | XOM: divination: magic mapping
   845 | D:2      | XOM: confusion
   852 | D:2      | Reached XP level 3. HP: 22/27 MP: 3/3
   908 | D:2      | XOM: blink monster(s)
  1003 | D:2      | XOM is BORED!
  1003 | D:2      | XOM: 4-stop teleportation journey
  1009 | D:2      | Reached skill level 4 in Fighting
  1061 | D:2      | XOM: 2-stop teleportation journey
  1062 | D:2      | Noticed Terence
  1083 | D:2      | Killed Terence
  1083 | D:2      | Reached XP level 4. HP: 34/34 MP: 4/4
  1203 | D:2      | XOM: confusion
  1213 | D:2      | XOM: give mutations
  1213 | D:2      | Gained mutation: You are resistant to electric shocks.
                  | (rElec) [Xom's mischief]
  1213 | D:2      | Gained mutation: Your magical capacity is low. (-10% MP)
                  | [Xom's mischief]
  1213 | D:2      | Gained mutation: You are dopey. (Int -2) [Xom's mischief]
  1213 | D:2      | Lost mutation: You are dopey. (Int -2) [Xom's mischief]
  1247 | D:2      | XOM: medium Tloc miscast
  1441 | D:2      | XOM: harmless Tmut miscast
  2062 | D:3      | XOM: 2-stop teleportation journey
  2121 | D:3      | XOM: 6-stop teleportation journey
  2174 | D:3      | XOM: chaos upgrade
  2212 | D:3      | XOM: mild Tmut miscast
  2373 | D:3      | Reached XP level 5. HP: 37/38 MP: 4/4
  2493 | D:3      | Reached skill level 5 in Fighting
  2613 | D:3      | XOM: give mutations
  2613 | D:3      | Gained mutation: You are agile. (Dex +2) [Xom's mischief]
  2613 | D:3      | Lost mutation: You are agile. (Dex +2) [Xom's mischief]
  2613 | D:3      | Gained mutation: You occasionally shout uncontrollably at
                  | your foes. [Xom's mischief]
  2613 | D:3      | Gained mutation: You are frail. (-10% HP) [Xom's mischief]
  2642 | D:3      | Found a runed translucent door,
  2668 | D:3      | Noticed Crazy Yiuf
  2676 | D:3      | Killed Crazy Yiuf
  3011 | D:3      | Reached skill level 1 in Shields
  3319 | D:4      | Noticed Duvessa
  3319 | D:4      | Noticed Dowan
  3363 | D:4      | XOM: mild Conj miscast
  3717 | D:4      | Noticed Robin
  3721 | D:4      | XOM: mild Air miscast
  3722 | D:4      | Reached XP level 6. HP: 36/40 MP: 5/5
  3776 | D:4      | Killed Robin
  3818 | D:4      | Noticed Pikel
  3822 | D:4      | XOM: enchant monster (good)
  3834 | D:4      | Killed Pikel
  3834 | D:4      | Reached skill level 6 in Fighting
  3834 | D:4      | Reached XP level 7. HP: 37/47 MP: 6/6
  4036 | D:4      | XOM: mild Ice miscast
  4345 | D:4      | Killed Dowan
  4382 | D:4      | XOM: divination: detect creatures
  4385 | D:4      | XOM: cast spell 'Olgreb's Toxic Radiance'
  4390 | D:4      | XOM: summons friendly iron imp
  4403 | D:4      | Killed Duvessa
  4403 | D:4      | Reached skill level 7 in Fighting
  4403 | D:4      | Reached skill level 5 in Dodging
  4638 | D:4      | XOM: harmless Conj miscast
  4648 | D:4      | Found a glowing silver altar of Zin,
  4648 | D:4      | Found a sparkling altar of Nemelex Xobeh,
  4653 | D:4      | Found a faded altar of an unknown god,
  4655 | D:4      | Found a stormy altar of Qazlal,
  4656 | D:4      | Found an ornate altar of the Wu Jian Council,
  4666 | D:4      | Fell from the grace of Xom
  4666 | D:4      | Became a worshipper of Nemelex Xobeh the Trickster
  4716 | D:4      | Received a gift from Nemelex Xobeh
  4795 | D:5      | Entered Level 5 of the Dungeon
  4802 | D:5      | XOM: 1-stop teleportation journey
  4845 | D:5      | Reached XP level 8. HP: 49/54 MP: 7/7
  4968 | D:5      | Noticed Menkaure
  4981 | D:5      | Killed Menkaure
  4981 | D:5      | Reached skill level 1 in Invocations
  5065 | D:5      | Found a glowing drain,
  5069 | Sewer    | XOM: noise
  5069 | Sewer    | Entered a sewer
  5072 | Sewer    | Noticed Purgy
  5096 | Sewer    | Killed Purgy
  5494 | D:5      | Noticed Edmund
  5506 | D:5      | Killed Edmund
  5610 | D:5      | Found Leita's Book Shop,
  5637 | D:5      | Noticed Ijyb
  5670 | D:5      | Killed Ijyb
  6100 | D:6      | Reached * piety under Nemelex Xobeh
  6125 | D:6      | Found a staircase to the Ecumenical Temple,
  6144 | D:6      | Reached skill level 8 in Fighting
  6449 | D:6      | XOM: give mutations
  6449 | D:6      | Gained mutation: You evolve. [Xom's mischief]
  6449 | D:6      | Lost mutation: You are frail. (-10% HP) [Xom's mischief]
  6496 | D:6      | Gained mutation: You do not regenerate when monsters are
                  | visible. [evolution]
  6646 | D:6      | Reached XP level 9. HP: 64/67 MP: 10/10
  6853 | D:7      | XOM: medium Tloc miscast
  7433 | D:7      | Reached skill level 5 in Shields
  7471 | D:7      | XOM: medium Pois miscast
  7501 | D:7      | Reached skill level 9 in Fighting
  7696 | D:7      | Reached skill level 1 in Maces & Flails
  7708 | D:7      | XOM: noise
  8459 | D:7      | Gained mutation: You are dopey. (Int -2) [evolution]
  8731 | D:7      | Reached ** piety under Nemelex Xobeh
  9113 | D:7      | XOM: give mutations
  9113 | D:7      | Lost mutation: Your magical capacity is low. (-10% MP)
                  | [Xom's mischief]
  9278 | D:8      | Reached skill level 5 in Invocations
  9447 | D:8      | XOM: mild Fire miscast
  9569 | D:8      | Reached XP level 10. HP: 73/74 MP: 13/13
  9736 | D:8      | Noticed a two-headed ogre
  9785 | D:8      | Killed a two-headed ogre
 10271 | D:8      | Noticed Grum
 10283 | D:9      | Reached skill level 5 in Maces & Flails
 10735 | D:9      | XOM: noise
 10807 | D:8      | Killed Grum
 11141 | D:8      | XOM: medium Summ miscast
 11266 | D:8      | Gained mutation: You expend magic power (3 MP) to
                  | strengthen your wands. [evolution]
 11324 | D:8      | Found Ohivaiph's Gadget Shoppe,
 11327 | D:8      | Bought a wand of iceblast (10) for 154 gold pieces
 11327 | D:8      | Bought a wand of enslavement (7) for 99 gold pieces
 11327 | D:8      | Bought a wand of disintegration (13) for 187 gold pieces
 11407 | D:8      | XOM: give mutations
 11407 | D:8      | Lost mutation: You are resistant to electric shocks.
                  | (rElec) [Xom's mischief]
 11407 | D:8      | Gained mutation: You are weak. (Str -2) [Xom's mischief]
 11418 | D:8      | XOM: mild Hex miscast
 11477 | D:9      | XOM: enchant monster (good)
 11489 | D:9      | Mangled by a troll

Levels and vault maps discovered:
D:1:      tarquinn_simple_flora_water_f, layout_basic
D:2:      layout_rooms, corexii_leaking_fountain, corexii_shack, uniq_terence
D:3:      layout_basic, first_ration, uniq_crazy_yiuf_cottage
D:4:      layout_loops_ring, chequers_temple_overflow_minitemple, uniq_duvessa,
          uniq_robin, uniq_pikel
D:5:      layout_basic, serial_shops, shop, gup_sewer_entry_spiral,
          uniq_menkaure, uniq_edmund, uniq_ijyb
D:6:      layout_basic, minmay_temple_entry_mist
D:7:      layout_basic
D:8:      layout_cave_pods, serial_shops, nicolae_shop_behind_doors, uniq_grum
D:9:      layout_basic, orc_0_dummy

Skill      XL: |  1  2  3  4  5  6  7  8  9 10 |
---------------+-------------------------------+-----
Fighting       | 4 5 6 7 8 9 |  9.3
Dodging        | 3 4 5 6 7 |  7.2
Shields        | 1 2 3 4 5 |  5.5
Invocations    | 3 5 6 |  6.0
Maces & Flails | 3 5 |  5.4
Polearms       | |  3.0

Action                   |  1- 3 |  4- 6 |  7- 9 | 10-12 || total
-------------------------+-------+-------+-------+-------++-------
Melee: Spear             |    73 |   141 |       |       ||   214
       Constrict         |    13 |    22 |    66 |    12 ||   113
       Tentacles         |    10 |    23 |    81 |    13 ||   127
       Unarmed           |       |       |    22 |       ||    22
       Whip              |       |       |    17 |       ||    17
       Short sword       |       |       |   233 |       ||   233
       Flail             |       |       |    44 |    59 ||   103
Throw: Dart              |     2 |     6 |    15 |       ||    23
Invok: Draw Destruction  |       |       |     5 |       ||     5
       Draw Summoning    |       |       |       |     1 ||     1
Evoke: Wand              |       |       |     3 |       ||     3
  Use: Scroll            |       |     7 |     9 |     1 ||    17
       Potion            |       |       |     2 |       ||     2
 Stab: Sleeping          |     1 |     7 |     6 |     1 ||    15
       Distracted        |     1 |       |     1 |       ||     2
       Paralysed         |     1 |       |       |       ||     1
       Confused          |       |     2 |       |       ||     2
       Petrified         |       |       |       |     4 ||     4
       Petrifying        |       |       |       |     1 ||     1
  Eat: Chunk             |     1 |     4 |    15 |     2 ||    22
       Ration            |       |     1 |     1 |     1 ||     3
Armor: Skin              |     6 |     5 |    28 |     1 ||    40
Dodge: Dodged            |    34 |    45 |   225 |    55 ||   359
Block: Buckler           |       |     6 |    59 |    18 ||    83

Table legend:
 A = Non-vault XP
 B = Vault XP
 C = Vault XP percentage of total XP
 D = Non-vault monster count
 E = Vault monster count
 F = Vault count percentage of total count
                 A         B        C        D         E       F
            +---------+---------+-------+---------+---------+-------
      Total |    4224 |    2034 |  32.5 |     162 |      32 |  16.5
            +---------+---------+-------+---------+---------+-------
        D:1 |      17 |       0 |   0.0 |      12 |       0 |   0.0
        D:2 |      55 |      37 |  40.2 |      21 |       2 |   8.7
        D:3 |     131 |      40 |  23.4 |      32 |       1 |   3.0
        D:4 |      80 |     748 |  90.3 |       6 |       7 |  53.8
        D:5 |     286 |     411 |  59.0 |      10 |      11 |  52.4
        D:6 |     526 |       0 |   0.0 |      13 |       0 |   0.0
        D:7 |    1747 |       0 |   0.0 |      41 |       0 |   0.0
        D:8 |    1382 |     193 |  12.3 |      27 |       1 |   3.6
        D:9 |       0 |     470 | 100.0 |       0 |       4 | 100.0
      Sewer |       0 |     135 | 100.0 |       0 |       6 | 100.0
            +---------+---------+-------+---------+---------+-------
